 Dungeon Crawl Stone Soup version 0.22-a0-274-gf8199ec (webtiles) character file.

16387 Amnesiac the Destroyer (level 12, -6/84 HPs)
             Began as a Mummy Wizard on Mar 14, 2018.
             Was a High Priest of Sif Muna.
             Mangled by a chaos spawn (10 damage)
             ... summoned by a kobold demonologist
             ... on level 12 of the Dungeon.
             The game lasted 00:39:29 (18233 turns).

Amnesiac the Destroyer (Mummy Wizard)              Turns: 18233, Time: 00:39:30

Health: -6/84      AC: 10    Str: 10    XL:     12   Next: 9%
Magic:  1/27       EV: 14    Int: 28    God:    Sif Muna [*****.]
Gold:   283        SH:  4    Dex: 10    Spells: 6/34 levels left

rFire    x . .     SeeInvis +   E - +5 mace "Xug Heama" {crush, -Tele rElec Int+3 Stlth+}
rCold    + . .     Gourm    .   C - +0 buckler
rNeg     + + +     Faith    +   z - +2 robe of Hepliaklqana's Hope {*Drain MR++ Int+2 Stlth+}
rPois    ∞         Spirit   .   r - +0 helmet
rElec    +         Reflect  .   v - +1 cloak {rPois}
rCorr    +         Harm     .   p - +0 pair of gloves
MR       +++..     NoTele   +   B - +1 pair of boots
Stlth    ++++......             w - amulet of faith
HPRegen  0.24/turn              e - ring of resist corrosion
MPRegen  0.20/turn              F - ring of see invisible

@: no casting
A: no food or potions, fire vulnerability, cold resistance 1, negative energy
resistance 3, torment resistance, unbreathing
a: Stop Divine Energy, Channel Magic, Forget Spell, Renounce Religion


You were on level 12 of the Dungeon.
You worshipped Sif Muna.
Sif Muna was extremely pleased with you.
You were not hungry.

You visited 2 branches of the dungeon, and saw 13 of its levels.
You also visited: Sewer.

You collected 786 gold pieces.
You spent 503 gold pieces at shops.

Inventory:

Hand Weapons
 a - a +2 dagger of venom
 b - a +0 blowgun
 i - a +0 hunting sling
 D - a +2 scimitar of flaming
 E - the +5 mace "Xug Heama" (weapon) {crush, -Tele rElec Int+3 Stlth+}
   (You found it on level 9 of the Dungeon)

   It inflicts extra damage upon your enemies.
   It affects your intelligence (+3).
   It insulates you from electricity.
   It prevents most forms of teleportation.
   It makes you more stealthy.
Missiles
 l - 300 stones (quivered)
 n - 155 arrows
 q - 68 sling bullets
 x - 35 poisoned needles
Armour
 p - a +0 pair of gloves (worn)
 r - a +0 helmet (worn)
 v - a +1 cloak of poison resistance (worn)
 z - the +2 robe of Hepliaklqana's Hope (worn) {*Drain MR++ Int+2 Stlth+}
   (You found it on level 9 of the Dungeon)

   It affects your intelligence (+2).
   It affects your resistance to hostile enchantments.
   It causes draining when unequipped.
   It makes you more stealthy.
 B - a +1 pair of boots (worn)
 C - a +0 buckler (worn)
Jewellery
 e - a ring of resist corrosion (left hand)
 w - an amulet of faith (around neck)
 F - a ring of see invisible (right hand)
 G - a cursed -3 ring of evasion {unknown}
Wands
 h - a wand of scattershot (10)
 m - a wand of enslavement (14)
 o - a wand of iceblast (4)
 A - a wand of digging (28)
 H - a wand of random effects (22)
Scrolls
 c - 2 scrolls of fog {!r}
 d - 3 scrolls of enchant armour {!r}
 f - 3 scrolls of teleportation {!r}
 g - a scroll of magic mapping {!r}
 j - 2 scrolls of blinking {!r}
 k - a scroll of enchant weapon {!r}
 s - 3 scrolls of amnesia {!r}
 t - 4 scrolls of remove curse {!r}
 u - a scroll of identify {!r}
 y - a scroll of silence {!r}


   Skills:
 + Level 4.7 Fighting
 - Level 6.0 Dodging
 - Level 1.5 Stealth
 - Level 4.0 Shields
 + Level 11.5 Spellcasting
 * Level 11.5 Conjurations
 - Level 4.0 Charms
 - Level 0.7 Summonings
 - Level 0.7 Translocations


You had 6 spell levels left.
You knew the following spells:

 Your Spells              Type           Power        Failure   Level  Hunger
a - Throw Icicle          Conj/Ice       #####...     3%          4    N/A
b - Iskenderun's Battles  Conj/Chrm      ######..     3%          5    N/A
c - Call Imp              Summ           ###.....     3%          2    N/A
d - Fireball              Conj/Fire      #####.....   9%          5    N/A
e - Mephitic Cloud        Conj/Pois/Air  #####...     1%          3    N/A
f - Magic Dart            Conj           ####         1%          1    N/A
s - Conjure Flame         Conj/Fire      #####...     1%          3    N/A
v - Blink                 Tloc           N/A          3%          2    N/A
z - Ozocubu's Armour      Chrm/Ice       ####....     4%          3    N/A

Dungeon Overview and Level Annotations

Branches:
Dungeon (12/15)            Temple (1/1) D:4            Lair (0/6) D:10
    Orc (0/2) D:10

Altars:
Ashenzari
Cheibriados
Dithmenos
Elyvilon
Fedhas
Gozag
Hepliaklqana
Kikubaaqudgha
Makhleb
Nemelex Xobeh
Okawaru
Qazlal
Ru
Sif Muna
Trog
Uskayaw
Vehumet
Wu Jian
Xom
Yredelemnul
Zin
The Shining One
Beogh

Shops:
D:5 ?   D:10 *

Annotations:
D:7 2 transporters


Innate Abilities, Weirdness & Mutations

You do not eat or drink.
Your flesh is vulnerable to fire.
You are immune to poison.
Your flesh is cold resistant. (rC+)
You are immune to negative energy. (rN+++)
You are immune to unholy pain and torment.
You can survive without breathing.


Message History

Press: ? - help, Shift-Dir - straight line, f - kobold demonologist
Aim: a kobold demonologist, wielding a dagger of holy wrath and wearing a robe (lightly wounded)
The shard of ice hits the kobold demonologist.
The kobold demonologist is heavily wounded.
Sif Muna grants you divine energy.
You briefly lose access to your magic!
The chaos spawn misses you. The kobold demonologist misses you.
You barely miss the kobold demonologist.
The kobold demonologist is heavily wounded.
The chaos spawn gores you!
You are engulfed in flames!
The fire burns you terribly!
The kobold demonologist closely misses you.
A kobold and a big kobold come into view.
You completely miss the kobold demonologist.
The kobold demonologist is heavily wounded.
The chaos spawn gores you but does no damage.
The kobold demonologist barely misses you.
The chaos spawn closely misses you.
You hit the kobold demonologist.
The kobold demonologist is severely wounded.
The kobold demonologist closely misses you.
The chaos spawn hits you!
You are engulfed in flames!
The fire burns you terribly!
* * * LOW HITPOINT WARNING * * *
The kobold demonologist hits you but does no damage.
You closely miss the kobold demonologist.
The kobold demonologist is severely wounded.
You regain access to your magic.
The chaos spawn closely misses you.
The kobold demonologist hits you but does no damage.
The chaos spawn misses you.
Casting: Throw Icicle (safe; 3% risk of failure)
Confirm with . or Enter, or press ? or * to list all spells.
Aiming: Throw Icicle (safe; 3% risk of failure)
Press: ? - help, Shift-Dir - straight line, f/p - kobold demonologist
Aim: a kobold demonologist, wielding a dagger of holy wrath and wearing a robe (severely wounded)
You miscast Throw Icicle.
Sif Muna protects you from the effects of your miscast!
Sif Muna grants you divine energy.
You briefly lose access to your magic!
The kobold demonologist barely misses you.
The chaos spawn barely misses you.
You barely miss the kobold demonologist.
The kobold demonologist is severely wounded.
The kobold demonologist hits you but does no damage.
The chaos spawn gores you!
* * * LOW HITPOINT WARNING * * *
The world around you seems to dim momentarily.
The kobold demonologist barely misses you.
You can't drink.
Okay, then.
You hit the kobold demonologist but do no damage.
The kobold demonologist is severely wounded.
The chaos spawn closely misses you.
The kobold demonologist casts a spell.
You hit the kobold demonologist.
The kobold demonologist is severely wounded.
The chaos spawn hits you!
* * * LOW HITPOINT WARNING * * *
The chaos spawn freezes you! You resist.
* * * LOW HITPOINT WARNING * * *
The kobold demonologist closely misses you.
The chaos spawn hits you!
You die...

....#### #............)........#
.>..').####..).......#######.##.#
....##...##..........# #.##.#
..[.####.##..........# #.##..
....# #..#..........# #.####
....# ##............# #.# ....#
###)..)......# #.# ....#
######4##### #.# ##### #@# #.#
###K# #.# #.OO# #.# #C### #.#


.KK #+#### ..... ...... #..... ...... #...o. ...... #..... ..<... You could see
a cyclops, a kobold demonologist, a chaos spawn, a big kobold, 2 ogres and a
kobold.

Vanquished Creatures
  Erica (D:8)
  The ghost of Vesto the Fighter, a journeyman GrFi of Okawaru (D:9)
  2 two-headed ogres
  The ghost of Soeti the Insei, a novice OpTm of Cheibriados (D:10)
  2 unseen horrors
  Pikel (D:5)
  2 oklob plants (D:10)
  2 ugly things (D:11)
  A cyclops (D:9)
  A manticore (D:12)
  An elephant (shapeshifter) (D:9)
  The ghost of tidbits the Chiller, a novice GnIE of Cheibriados (D:8)
  A kobold demonologist (D:12)
  A tengu conjurer (D:10)
  3 hippogriffs
  2 wyverns
  A wraith (D:9)
  2 steam dragons (D:10)
  2 vampire mosquitoes (D:12)
  Edmund (D:4)
  A water moccasin (D:11)
  Duvessa (D:7)
  A sky beast (D:5)
  A hornet zombie (D:9)
  14 orc warriors
  An eye of draining (D:12)
  3 ice beasts
  3 slaves (D:5)
  8 ogres
  4 centaurs
  A crocodile (D:12)
  3 big kobolds
  5 bullfrogs
  Dowan (D:7)
  2 scorpions
  16 killer bees
  7 wights
  5 electric eels
  A crimson imp (D:8)
  2 bullfrog zombies
  A quasit (D:11)
  4 centaur skeletons
  9 orc priests
  5 orc wizards
  8 hounds
  3 jellies
  Crazy Yiuf (D:4)
  3 bullfrog skeletons
  5 iguanas
  6 worker ants
  A killer bee zombie (D:5)
  A hound skeleton (D:11)
  3 worker ant zombies
  2 howler monkey skeletons
  8 adders
  A river rat (D:3)
  3 shadow imps
  2 worms (D:4)
  2 dart slugs
  3 leopard geckos
  57 orcs
  4 giant cockroaches
  7 goblins
  3 hobgoblins
  15 jackals
  20 kobolds
  3 quokkas
  9 bats
  2 frilled lizards
  8 rats
  3 plants (D:10)
311 creatures vanquished.

Vanquished Creatures (collateral kills)
  The ghost of grom234 the Skirmisher, an amateur HOFi (D:3)
  Purgy (Sewer)
  2 wights (D:4)
  A quasit (D:4)
  2 adders (D:2)
  A worm (D:2)
  A hobgoblin (D:3)
  A jackal (Sewer)
  2 kobolds (Sewer)
  A frilled lizard (D:3)
  A rat (D:3)
14 creatures vanquished.

Vanquished Creatures (others)
  A bullfrog (D:12)
  An orc wizard (D:7)
  A howler monkey skeleton (D:5)
  4 orcs (D:12)
  A plant (D:10)
8 creatures vanquished.

Grand Total: 333 creatures vanquished

Notes
Turn   | Place    | Note
-------+----------+-------------------------------------------
     0 | D:1      | Amnesiac the Mummy Wizard began the quest for the Orb.
     0 | D:1      | Reached XP level 1. HP: 13/13 MP: 5/5
   212 | D:1      | Reached skill level 1 in Conjurations
   319 | D:1      | Reached XP level 2. HP: 20/20 MP: 5/7
   469 | D:1      | Learned a level 2 spell: Call Imp
  1004 | D:2      | Reached skill level 1 in Fighting
  1178 | D:2      | Reached XP level 3. HP: 18/26 MP: 0/8
  1183 | D:2      | Learned a level 3 spell: Mephitic Cloud
  1187 | D:2      | Learned a level 3 spell: Conjure Flame
  1544 | D:2      | Found a burning altar of Makhleb.
  1700 | D:2      | Reached XP level 4. HP: 31/32 MP: 6/10
  1704 | D:2      | Learned a level 2 spell: Blink
  2028 | D:3      | Found an iron altar of Okawaru.
  2033 | D:3      | Found an opulent altar of Gozag.
  2035 | D:3      | Found a shattered altar of Ashenzari.
  2037 | D:3      | Found a white marble altar of Elyvilon.
  2039 | D:3      | Found a glowing silver altar of Zin.
  2040 | D:3      | Found an ornate altar of the Wu Jian Council.
  2294 | D:3      | Found a glowing drain.
  2466 | Sewer    | Entered a sewer
  2734 | Sewer    | Noticed Purgy
  2750 | Sewer    | Killed Purgy
  2750 | Sewer    | Reached XP level 5. HP: 14/38 MP: 0/11
  2903 | D:3      | Noticed grom234's ghost (amateur HOFi)
  3633 | D:3      | Killed grom234's ghost
  3633 | D:3      | Reached XP level 6. HP: 20/46 MP: 0/12
  4163 | D:4      | Noticed Edmund
  4171 | D:4      | Killed Edmund
  4225 | D:4      | Found a radiant altar of Vehumet.
  4332 | D:4      | Reached XP level 7. HP: 51/52 MP: 4/13
  4445 | D:4      | Got an ancient ring mail
  5150 | D:4      | Reached skill level 5 in Dodging
  5930 | D:4      | Found a runed door.
  5966 | D:4      | Found a staircase to the Ecumenical Temple.
  6258 | D:4      | Noticed Crazy Yiuf
  6314 | D:4      | Killed Crazy Yiuf
  6348 | D:4      | Identified the +8 ring mail "Dyoggetz" {rC++ Str+5 Slay-4} (You found it on level 4 of the Dungeon)
  6446 | Temple   | Entered the Ecumenical Temple
  6638 | Temple   | Became a worshipper of Sif Muna the Loreminder
  6672 | D:5      | Entered Level 5 of the Dungeon
  6721 | D:5      | Reached XP level 8. HP: 60/60 MP: 11/14
  6739 | D:5      | Identified Miseoz's Tome of Protection and Shape Shifting
  6993 | D:4      | Learned a level 3 spell: Ozocubu's Armour
  7288 | D:5      | Found Pireacex's Magic Scroll Emporium.
  7299 | D:5      | Bought a scroll of remove curse for 42 gold pieces
  7342 | D:5      | Reached * piety under Sif Muna
  7342 | D:5      | Reached skill level 5 in Conjurations
  7508 | D:5      | Noticed Pikel
  7541 | D:5      | Killed Pikel
  7957 | D:5      | Reached XP level 9. HP: 54/65 MP: 12/18
  7989 | D:5      | Learned a level 5 spell: Iskenderun's Battlesphere
  8080 | D:6      | Found a sparkling altar of Nemelex Xobeh.
  8150 | D:6      | Reached skill level 1 in Charms
  8160 | D:6      | Reached ** piety under Sif Muna
  8874 | D:7      | Noticed Duvessa
  8877 | D:7      | Noticed Dowan
  8879 | D:7      | Killed Duvessa
  8881 | D:7      | Killed Dowan
  9005 | D:7      | Found a transporter.
  9005 | D:7      | Found a shimmering altar of Xom.
  9005 | D:7      | Noticed a yaktaur
  9007 | D:7      | Noticed a red ugly thing
  9019 | D:7      | a yaktaur changed into a tarantella
  9020 | D:7      | Found a transporter.
  9072 | D:7      | Noticed a meliai
  9072 | D:7      | a basilisk changed into a meliai
  9371 | D:7      | Noticed a meliai
  9371 | D:7      | a soldier ant changed into a meliai
  9390 | D:7      | a meliai changed into a tarantella
  9405 | D:7      | Reached *** piety under Sif Muna
  9412 | D:7      | Noticed a lindwurm
  9412 | D:7      | a dream sheep changed into a lindwurm
  9437 | D:7      | Noticed a torpor snail
  9437 | D:7      | a lindwurm changed into a torpor snail
  9438 | D:7      | Noticed a mana viper
  9438 | D:7      | a torpor snail changed into a mana viper
  9555 | D:7      | Noticed a satyr
 10075 | D:7      | Noticed an azure jelly
 10640 | D:8      | Noticed Erica
 10648 | D:8      | Killed Erica
 10648 | D:8      | Reached XP level 10. HP: 72/72 MP: 10/22
 10706 | D:8      | Noticed tidbits's ghost (novice GnIE)
 11303 | D:8      | Killed tidbits's ghost
 11303 | D:8      | Reached **** piety under Sif Muna
 11622 | D:9      | Noticed Vesto's ghost (journeyman GrFi)
 11741 | D:9      | Killed an unseen horror
 12135 | D:9      | Noticed a cyclops
 12141 | D:9      | Killed a cyclops
 12201 | D:9      | Noticed a two-headed ogre
 12213 | D:9      | Killed a two-headed ogre
 12317 | D:9      | Got a slimy robe
 12328 | D:9      | Identified the +2 robe of Hepliaklqana's Hope {*Drain MR++ Int+2 Stlth+} (You found it on level 9 of the Dungeon)
 12382 | D:9      | Reached ***** piety under Sif Muna
 12430 | D:9      | Noticed a moth of wrath
 12430 | D:9      | a jumping spider changed into a moth of wrath
 12668 | D:9      | Noticed an elephant
 12678 | D:9      | Killed an elephant
 12788 | D:9      | Got a smoking ring mail
 12802 | D:9      | Reached skill level 10 in Conjurations
 12809 | D:9      | Got a shimmering mace
 12830 | D:9      | Found a glowing golden altar of the Shining One.
 13288 | D:10     | Entered Level 10 of the Dungeon
 13337 | D:9      | Reached skill level 10 in Spellcasting
 13345 | D:9      | Received a gift from Sif Muna
 13355 | D:9      | Learned a level 5 spell: Fireball
 13358 | D:9      | Identified the +5 mace "Xug Heama" {crush, -Tele rElec Int+3 Stlth+} (You found it on level 9 of the Dungeon)
 13507 | D:9      | Identified the +2 ring mail of the Soldier {rN+ Str+2} (You found it on level 9 of the Dungeon)
 13650 | D:9      | Killed Vesto's ghost
 13650 | D:9      | Reached XP level 11. HP: 72/77 MP: 0/25
 13759 | D:10     | Noticed Soeti's ghost (novice OpTm)
 13765 | D:10     | Killed Soeti's ghost
 14109 | D:10     | Found Itavel's Assorted Antiques.
 14118 | D:10     | Bought a pair of runed boots for 262 gold pieces
 14123 | D:10     | Bought a wizard robe for 199 gold pieces
 14123 | D:10     | Identified the +1 robe "Xeedoun" {Regen+ Str+4} (You bought it in a shop on level 10 of the Dungeon)
 14297 | D:10     | Found a staircase to the Lair.
 14297 | D:10     | Noticed an oklob plant
 14298 | D:10     | Noticed an oklob plant
 14515 | D:10     | Killed an oklob plant
 14826 | D:10     | Killed an oklob plant
 15026 | D:10     | Found a staircase to the Orcish Mines.
 15051 | D:10     | Noticed a two-headed ogre
 15096 | D:10     | Killed a two-headed ogre
 15373 | D:10     | Reached skill level 1 in Shields
 15881 | D:11     | Noticed a white ugly thing
 15892 | D:11     | Killed a white ugly thing
 16214 | D:11     | Noticed an unseen horror
 16222 | D:11     | Killed an unseen horror
 16407 | D:11     | Noticed a purple ugly thing
 16427 | D:11     | Killed a purple ugly thing
 16459 | D:11     | Got a steaming robe
 16724 | D:12     | Identified the cursed +0 robe "Laciwifo" {rElec Int+2} (You found it on level 11 of the Dungeon)
 16820 | D:12     | Identified Sif Muna's Disquisition on Protection and the Frostbite (Sif Muna gifted it to you on level 12 of the Dungeon)
 16820 | D:12     | Received a gift from Sif Muna
 17243 | D:12     | Learned a level 4 spell: Throw Icicle
 17272 | D:12     | Found a roughly hewn altar of Beogh.
 17799 | D:12     | Reached XP level 12. HP: 83/84 MP: 0/27
 18233 | D:12     | HP: 4/84 [chaos spawn[a kobold demonologist] (8)]
 18233 | D:12     | Mangled by a chaos spawn

Vault maps used:
D:1:      dpeg_arrival_tiny_g, serial_bayou_ford_a, minmay_misc_feat_plants,
          minmay_misc_feat_rugged, corexii_hall_statues_x,
          hangedman_abyss_or_decor_lesser_grid, hangedman_decor_slide_cut
D:2:      first_ration, makhleb_blood_cavern_becter
D:3:      minitemple, lightli_sewer_entry_pipes
D:4:      overflow_temple_1_default, minmay_temple_entry_enclosed_plants,
          serial_co_window_serial, co_window_paths_b, co_window_corner_a,
          co_window_paths_a, co_window_paths_b, co_window_corner_a,
          co_window_corner_a, co_window_of_opportunity_b,
          co_window_of_opportunity_b, co_window_broadway_c, co_window_corner_b,
          co_window_broadway_a, co_window_2corner, co_window_of_opportunity_b,
          glass_columns_a, glass_columns_c, glass_columns_a,
          uniq_crazy_yiuf_cottage, uniq_edmund
D:5:      serial_shops, kennysheep_mini, grunt_ministairs_11,
          serial_bayou_pond_c, uniq_pikel
D:6:      basic_altar
D:7:      gammafunk_temple_overflow_arena, kennysheep_boxes, uniq_duvessa
D:8:      uniq_erica
D:9:      minmay_cut_squares, tso_metal_star
D:10:     dpeg_oklobed_lair, orc_0_dummy, serial_shops, shop, grunt_tengu_nest,
          kennysheep_cross_room
D:12:     special_room, lemuel_freeze_loot_1
Temple:   nicolae_temple_figure_eight
Sewer:    sewer_the_crocodile

Skill      XL: |  1  2  3  4  5  6  7  8  9 10 11 |
---------------+----------------------------------+-----
Conjurations   | 1 2 3 4 6 8 10 11 | 11.5
Dodging        | 2 3 4 5 6 |  6.0
Fighting       | 1 2 3 4 |  4.7
Spellcasting   | 6 8 10 11 | 11.5
Charms         | 4 |  4.0
Shields        | 4 |  4.0
Stealth        | |  1.5
Summonings     | |  0.7
Translocations | |  0.7

Action                   |  1- 3 |  4- 6 |  7- 9 | 10-12 || total
-------------------------+-------+-------+-------+-------++-------
Melee: Unarmed           |    25 |    43 |       |       ||    68
       Flail             |       |    19 |    12 |       ||    31
       Dagger            |       |       |     8 |    22 ||    30
       Mace              |       |       |       |    75 ||    75
 Fire: Hunting sling     |       |       |   605 |       ||   605
 Cast: Magic Dart        |    77 |    90 |    42 |   193 ||   402
       Call Imp          |     4 |    16 |    21 |     3 ||    44
       Conjure Flame     |       |     6 |    17 |    20 ||    43
       Blink             |       |     1 |     2 |     1 ||     4
       Mephitic Cloud    |       |     3 |    24 |    17 ||    44
       Iskenderun's Batt |       |       |     7 |    28 ||    35
       Fireball          |       |       |       |    72 ||    72
       Throw Icicle      |       |       |       |    63 ||    63
Invok: Divine Energy     |       |       |     1 |       ||     1
Evoke: Wand              |       |       |       |     8 ||     8
  Use: Scroll            |     1 |       |    10 |     9 ||    20
 Stab: Sleeping          |       |       |     1 |       ||     1
       Confused          |       |       |       |     4 ||     4
Armor: Robe              |    15 |    20 |   100 |    65 ||   200
       Ring mail         |       |       |   125 |    34 ||   159
Dodge: Dodged            |    47 |    76 |   382 |   175 ||   680
Block: Buckler           |       |       |       |     6 ||     6

Table legend:
 A = Spawn XP
 B = Non-spawn XP
 C = Spawn XP percentage of total XP
 D = Spawn monster count
 E = Non-spawn monster count
 F = Spawn count percentage of total count
 G = Total turns spent on level
                    A         B        C        D         E        F      G
               +---------+---------+-------+---------+---------+-------+---------
         Total |       0 |   23410 |   0.0 |       0 |     320 |   0.0 | 18233
               +---------+---------+-------+---------+---------+-------+---------
           D:1 |       0 |      27 |   0.0 |       0 |      16 |   0.0 |  1010
           D:2 |       0 |      76 |   0.0 |       0 |      15 |   0.0 |  1299
           D:3 |       0 |     256 |   0.0 |       0 |      28 |   0.0 |  1636
           D:4 |       0 |     956 |   0.0 |       0 |      36 |   0.0 |  2210
           D:5 |       0 |    1400 |   0.0 |       0 |      22 |   0.0 |  1204
           D:6 |       0 |     721 |   0.0 |       0 |      17 |   0.0 |   945
           D:7 |       0 |    1148 |   0.0 |       0 |      22 |   0.0 |  1259
           D:8 |       0 |    2411 |   0.0 |       0 |      22 |   0.0 |  2055
           D:9 |       0 |    4596 |   0.0 |       0 |      22 |   0.0 |  1737
          D:10 |       0 |    4771 |   0.0 |       0 |      35 |   0.0 |  1885
          D:11 |       0 |    2645 |   0.0 |       0 |      11 |   0.0 |   803
          D:12 |       0 |    4315 |   0.0 |       0 |      68 |   0.0 |  1561
         Sewer |       0 |      88 |   0.0 |       0 |       6 |   0.0 |   424
               +---------+---------+-------+---------+---------+-------+---------
